 Dungeon Crawl Stone Soup version 0.20.1-1-g8b1a95d (webtiles) character file.

10119 polly the Basher (level 11, 0/65 HPs)
             Began as a Gargoyle Gladiator on Dec 10, 2017.
             Was a High Priest of Okawaru.
             Killed by divine providence
             ... invoked by an orc priest
             ... led by an orc warlord
              (8 damage)
             ... on level 2 of the Orcish Mines.
             The game lasted 00:25:10 (11591 turns).

polly the Basher (Gargoyle Gladiator)              Turns: 11591, Time: 00:25:10

Health: 0/65       AC: 24    Str: 22    XL:     11   Next: 57%
Magic:  0/11       EV: 10    Int: 12    God:    Okawaru [*****.]
Gold:   648        SH:  5    Dex: 13    Spells: 10/10 levels left

rFire    + . .     SeeInvis .   C - +0 whip (elec)
rCold    . . .     Gourm    .   y - +0 buckler "Dojy" {Dex+2}
rNeg     + . .     Faith    .   G - +0 chain mail
rPois    ∞         Spirit   +   c - +0 helmet
rElec    +         Reflect  .   e - +0 cloak {MR+}
rCorr    .         Harm     .   (no gloves)
MR       +....                  (no boots)
Stlth    ..........             h - amulet of guardian spirit
Regen    0.2/turn               H - ring of protection from fire
MPRegen  0.2/turn               (no ring)

@: about to teleport, very slightly contaminated, hasted, very quick
A: thin metallic scales 2, clever 1, frail 1, negative energy resistance 1,
electricity resistance, strong 1, unbreathing, petrification resistance, rot
immunity, subdued magic 1, AC +7
a: Heroism, Finesse, Renounce Religion


You were on level 2 of the Orcish Mines.
You worshipped Okawaru.
Okawaru was extremely pleased with you.
You were very hungry.

You visited 3 branches of the dungeon, and saw 14 of its levels.

You collected 648 gold pieces.

Inventory:

Hand Weapons
 C - a +0 whip of electrocution (weapon)
Missiles
 d - 3 throwing nets (quivered)
Armour
 c - a +0 helmet (worn)
 e - a +0 cloak of magic resistance (worn)
 y - the +0 buckler "Dojy" (worn) {Dex+2}
   (You found it on level 4 of the Dungeon)

   It affects your dexterity (+2).
 G - a +0 chain mail (worn)
 K - the +0 Maxwell's etheric cage {RegenMP+ *Contam rElec MP+4}
   (You found it on level 8 of the Dungeon)

   It insulates you from electricity.
   It affects your magic capacity (+4).
   It causes magical contamination when unequipped.
Jewellery
 h - an amulet of guardian spirit (around neck)
 F - an uncursed ring of see invisible
 H - a ring of protection from fire (left hand)
 P - a cursed ring of teleportation {unknown}
Wands
 g - a wand of flame (21/48)
 m - a wand of flame (21/48)
 o - a wand of polymorph (20/24)
 u - a wand of iceblast (3/15)
 E - a wand of paralysis (15/24)
 I - a wand of acid (8/15)
 J - a wand of flame (41/48)
Scrolls
 a - 3 scrolls of identify
 i - 2 scrolls of acquirement {unknown}
 j - 7 scrolls of remove curse
 k - 4 scrolls of recharging
 v - a scroll of fog
 w - a scroll of enchant armour
 x - a scroll of fear
 A - a scroll of random uselessness {unknown}
 B - a scroll of enchant weapon {unknown}
 D - a scroll of teleportation
 L - 2 scrolls of amnesia {unknown}
Potions
 b - a potion of haste
 n - a potion of mutation
 s - 2 potions of brilliance
 z - 2 potions of ambrosia {unknown}
 M - a potion of magic {unknown}
 O - a potion of agility
 Q - a potion of heal wounds {unknown}
Books
 q - a book of Callings

   Spells                             Type                      Level
   a - Summon Small Mammal            Summoning                    1
   b - Call Imp                       Summoning                    2
   c - Call Canine Familiar           Summoning                    3
   d - Summon Guardian Golem          Hexes/Summoning              3
   e - Summon Lightning Spire         Summoning/Air                4
   f - Summon Ice Beast               Ice/Summoning                4
 r - a book of Misfortune

   Spells                             Type                      Level
   a - Confusing Touch                Hexes                        1
   b - Confuse                        Hexes                        3
   c - Gell's Gravitas                Translocation                3
   d - Petrify                        Transmutation/Earth          4
   e - Metabolic Englaciation         Hexes/Ice                    5
   f - Yara's Violent Unravelling     Hexes/Transmutation          5
 t - a book of Cantrips

   Spells                             Type                      Level
   a - Confusing Touch                Hexes                        1
   b - Animate Skeleton               Necromancy                   1
   c - Summon Small Mammal            Summoning                    1
   d - Apportation                    Translocation                1
 N - a book of Frost

   Spells                             Type                      Level
   a - Freeze                         Ice                          1
   b - Throw Frost                    Conjuration/Ice              2
   c - Ozocubu's Armour               Charms/Ice                   3
   d - Throw Icicle                   Conjuration/Ice              4
   e - Summon Ice Beast               Ice/Summoning                4
 R - a book of Minor Magic

   Spells                             Type                      Level
   a - Magic Dart                     Conjuration                  1
   b - Blink                          Translocation                2
   c - Call Imp                       Summoning                    2
   d - Slow                           Hexes                        2
   e - Conjure Flame                  Conjuration/Fire             3
   f - Mephitic Cloud                 Conjuration/Poison/Air       3
Comestibles
 f - 7 bread rations
 l - 17 meat rations
 p - 13 royal jellies


   Skills:
 * Level 10.8 Fighting
 + Level 11.4 Maces & Flails
 - Level 1.7 Throwing
 + Level 8.1 Armour
 + Level 4.1 Dodging
 - Level 0.8 Stealth
 + Level 5.4 Shields
 + Level 0.5 Evocations


You had 10 spell levels left.
You didn't know any spells.

Dungeon Overview and Level Annotations

Branches:
Dungeon (11/15)            Temple (1/1) D:4            Lair (0/6) D:10
    Orc (1/2) D:10            Elf (0/3) Orc:2

Altars:
Ashenzari
Cheibriados
Dithmenos
Elyvilon
Fedhas
Gozag
Hepliaklqana
Kikubaaqudgha
Makhleb
Nemelex Xobeh
Okawaru
Qazlal
Ru
Sif Muna
Trog
Uskayaw
Vehumet
Xom
Yredelemnul
Zin
The Shining One
Beogh

Shops:
D:9 (

Annotations:
Orc:2 Blork the orc; MetaCosm's ghost, journeyman FoFi


Innate Abilities, Weirdness & Mutations

You are resistant to torment.
Your stone body is resilient. (AC +7)
You are immune to poison.
You resist negative energy. (rN+)
You are resistant to electric shocks. (rElec)
You can survive without breathing.
You are immune to petrification.
You are immune to rotting.
You are mostly covered in thin metallic scales. (AC +3)
Your mind is acute. (Int +2)
You are frail. (-10% HP)
Your muscles are strong. (Str +2)
Your spells are a little easier to cast, but a little less powerful.


Message History

Unknown command.
Unknown command.
The orc warlord roars a battlecry!
The orcs go into a battle-frenzy!
You block the orc warrior's attack.
The orc priest shouts!
The orc knight roars a battlecry!
The orc warlord goes into a battle-frenzy!
The orc warrior hits you with a scimitar.
An orc comes into view.
The orc knight roars a battlecry!
As you read the scroll of teleportation, it crumbles to dust.
You feel strangely unstable.
The orc warrior hits you with a scimitar!!
* * * LOW HITPOINT WARNING * * *
You feel yourself speed up.
The orc warlord roars a battlecry!
The orc priest mumbles some strange prayers to Beogh against you.
Beogh smites you!
You die...

##......# .# #.......# ...
.......# ...#####......##
.....8.........#
......o.......# #. ###
....o.o.oo....####.# ####.#
o.ooo.Oo.....###....###.#...
.o.o.8.o..o@.#...........#..
...#####..........#......#..
#.............#........
###.#......$...#.......
#.#.....#............
#..#.................
#.##.........#.......
####....................
........................


You could see an orc warlord, an orc knight, Blork the orc, 3 orc warriors, an
ogre, an orc priest and 2 orcs.

Vanquished Creatures
  A two-headed ogre (D:8)
  Nergalle (D:10)
  Pikel (D:7)
  A cyclops (D:10)
  A centaur zombie (D:10)
  The ghost of grumblor the Archer, a novice SpHu (D:4)
  A troll (D:10)
  3 hornets (D:8)
  2 hippogriffs
  Sigmund (D:3)
  2 hungry ghosts
  Menkaure (D:6)
  A warg (Orc:2)
  Edmund (D:6)
  Duvessa (D:4)
  A porcupine (D:10)
  A sky beast (D:8)
  A slave (D:7)
  5 ice beasts
  6 orc warriors
  3 black bears
  A phantom (D:10)
  7 ogres
  2 centaurs
  2 big kobolds
  4 bullfrogs
  A gnoll sergeant (D:6)
  Dowan (D:4)
  A water moccasin zombie (D:5)
  2 scorpions
  9 killer bees
  3 howler monkeys (D:9)
  4 electric eels (D:10)
  3 crimson imps
  4 bullfrog skeletons
  2 hounds
  10 orc priests
  2 centaur skeletons
  4 iguanas
  2 jellies
  Crazy Yiuf (D:4)
  Ijyb (D:3)
  Natasha (thrice) (D:4)
  11 orc wizards
  6 worker ants
  A killer bee zombie (D:10)
  2 hound zombies (D:6)
  3 hound skeletons
  14 gnolls
  17 adders
  4 shadow imps
  An ooze (D:5)
  An adder zombie (D:6)
  2 worms
  3 dart slugs
  4 leopard geckos
  42 orcs
  3 giant cockroaches
  5 goblins
  5 hobgoblins
  22 kobolds
  A quokka (D:8)
  3 ball pythons (D:1)
  4 bats
  A frilled lizard (D:2)
  A quokka zombie (D:7)
  5 rats
266 creatures vanquished.

Vanquished Creatures (others)
  An orc (D:10)
  A fungus (D:10)
2 creatures vanquished.

Grand Total: 268 creatures vanquished

Notes
Turn   | Place    | Note
-------+----------+-------------------------------------------
     0 | D:1      | polly the Gargoyle Gladiator began the quest for the Orb.
     0 | D:1      | Reached XP level 1. HP: 12/12 MP: 1/1
   192 | D:1      | Reached XP level 2. HP: 17/17 MP: 2/2
  1087 | D:2      | Reached XP level 3. HP: 20/22 MP: 3/3
  1479 | D:2      | Reached skill level 4 in Maces & Flails
  1550 | D:2      | Noticed an angel
  1551 | D:2      | Found a glowing silver altar of Zin.
  1727 | D:3      | Reached skill level 1 in Armour
  1727 | D:3      | Reached XP level 4. HP: 22/27 MP: 2/4
  1834 | D:3      | Noticed Sigmund
  1851 | D:3      | Gained mutation: You are frail. (-10% HP) [potion of mutation]
  1851 | D:3      | Gained mutation: You are partially covered in thin metallic scales. (AC +2) [potion of mutation]
  1882 | D:3      | Killed Sigmund
  1882 | D:3      | Reached XP level 5. HP: 7/29 MP: 5/5
  1882 | D:3      | Reached XP level 6. HP: 8/34 MP: 6/6
  2159 | D:3      | Reached skill level 5 in Maces & Flails
  2373 | D:3      | Noticed Ijyb
  2386 | D:3      | Killed Ijyb
  2449 | D:3      | Found a burning altar of Makhleb.
  2449 | D:3      | Noticed a cacodemon
  2452 | D:3      | Noticed a ynoxinul
  2452 | D:3      | Noticed a hellwing
  2739 | D:4      | Noticed Natasha
  2747 | D:4      | Killed Natasha
  2759 | D:4      | Noticed grumblor's ghost (novice SpHu)
  2766 | D:4      | Killed grumblor's ghost
  2766 | D:4      | Reached skill level 6 in Maces & Flails
  2766 | D:4      | Reached XP level 7. HP: 31/39 MP: 4/7
  2942 | D:4      | Got a warped buckler
  2948 | D:4      | Identified the cursed +0 buckler "Dojy" {Dex+2} (You found it on level 4 of the Dungeon)
  2976 | D:4      | Found a runed door.
  3067 | D:4      | Found a staircase to the Ecumenical Temple.
  3220 | D:4      | Noticed Natasha
  3227 | D:4      | Killed Natasha
  3231 | D:4      | Noticed Natasha
  3235 | D:4      | Killed Natasha
  3356 | D:4      | Noticed Duvessa
  3358 | D:4      | Noticed Dowan
  3366 | D:4      | Killed Duvessa
  3366 | D:4      | Reached skill level 5 in Fighting
  3386 | D:4      | Killed Dowan
  3402 | D:4      | Got a clouded lead ring
  3812 | D:4      | Identified the ring of the Distant Future {*Tele Int+4 SInv} (You took it off Duvessa on level 4 of the Dungeon)
  3831 | D:4      | Reached XP level 8. HP: 45/45 MP: 6/8
  3906 | D:4      | Noticed Crazy Yiuf
  3912 | D:4      | Killed Crazy Yiuf
  3983 | D:5      | Entered Level 5 of the Dungeon
  4094 | D:5      | Reached skill level 7 in Maces & Flails
  4122 | Temple   | Entered the Ecumenical Temple
  4249 | Temple   | Became a worshipper of Warmaster Okawaru
  4533 | D:5      | Reached skill level 1 in Shields
  5247 | D:6      | Reached * piety under Okawaru
  5422 | D:6      | Reached skill level 8 in Maces & Flails
  5435 | D:6      | Reached XP level 9. HP: 13/50 MP: 5/9
  5888 | D:6      | Noticed Menkaure
  5906 | D:6      | HP: 1/51 [Menkaure (11)]
  5913 | D:6      | Killed Menkaure
  6185 | D:6      | Reached ** piety under Okawaru
  6185 | D:6      | Reached skill level 5 in Armour
  6435 | D:6      | Noticed Edmund
  6451 | D:6      | Killed Edmund
  6451 | D:6      | Reached skill level 9 in Maces & Flails
  7254 | D:7      | Noticed Pikel
  7276 | D:7      | Killed Pikel
  7276 | D:7      | Reached XP level 10. HP: 58/58 MP: 10/10
  7475 | D:7      | Reached *** piety under Okawaru
  7559 | D:8      | Noticed a two-headed ogre
  7564 | D:8      | Killed a two-headed ogre
  7564 | D:8      | Reached skill level 10 in Maces & Flails
  7647 | D:8      | Found a sparkling altar of Nemelex Xobeh.
  8176 | D:8      | Reached **** piety under Okawaru
  8303 | D:8      | Gained mutation: Your mind is acute. (Int +2) [mutagenic meat]
  8304 | D:8      | Gained mutation: Your muscles are strong. (Str +2) [mutagenic meat]
  8305 | D:8      | Gained mutation: Your spells are a little easier to cast, but a little less powerful. [mutagenic meat]
  8307 | D:8      | Gained mutation: You are mostly covered in thin metallic scales. (AC +3) [mutagenic meat]
  8493 | D:9      | Found Vyneiwk's Antique Weapon Shoppe.
  8501 | D:9      | Found a glowing golden altar of the Shining One.
  8502 | D:9      | Found a hazy altar of Hepliaklqana.
  8538 | D:9      | Found a shimmering altar of Xom.
  8685 | D:9      | Reached skill level 10 in Fighting
  9048 | D:9      | Reached ***** piety under Okawaru
  9105 | D:10     | Entered Level 10 of the Dungeon
  9223 | D:10     | Found a shimmering altar of Xom.
  9327 | D:10     | Reached XP level 11. HP: 25/64 MP: 5/11
  9716 | D:10     | Reached skill level 11 in Maces & Flails
  9758 | D:10     | Received a gift from Okawaru
  9769 | D:10     | Found a staircase to the Orcish Mines.
  9804 | D:10     | Found a roughly hewn altar of Beogh.
  9975 | D:10     | Found a staircase to the Lair.
 10152 | D:10     | Reached skill level 5 in Shields
 10448 | D:10     | Found a basalt altar of Yredelemnul.
 10823 | D:11     | Noticed Nergalle
 10830 | D:11     | Noticed a purple ugly thing
 10858 | D:10     | Killed Nergalle
 10939 | Orc:1    | Entered Level 1 of the Orcish Mines
 10939 | Orc:1    | Noticed a cyclops
 10952 | D:10     | Killed a cyclops
 11492 | Orc:1    | You fall through a shaft!
 11492 | Orc:2    | Entered Level 2 of the Orcish Mines
 11508 | Orc:2    | Noticed MetaCosm's ghost (journeyman FoFi)
 11559 | Orc:2    | Found a staircase to the Elven Halls.
 11559 | Orc:2    | Noticed an orc sorcerer
 11585 | Orc:2    | Noticed Blork the orc
 11585 | Orc:2    | Noticed an orc knight
 11585 | Orc:2    | Noticed an orc warlord
 11591 | Orc:2    | Killed from afar by an orc priest

Skill      XL: |  1  2  3  4  5  6  7  8  9 10 11 |
---------------+----------------------------------+-----
Maces & Flails | 4 6 8 9 10 11 | 11.4
Armour         | 1 2 3 4 5 7 8 |  8.1
Fighting       | 3 4 5 6 8 10 | 10.8
Dodging        | 3 4 |  4.1
Shields        | 1 3 4 5 |  5.4
Throwing       | |  1.7
Stealth        | |  0.8
Evocations     | |  0.5

Action                   |  1- 3 |  4- 6 |  7- 9 | 10-12 || total
-------------------------+-------+-------+-------+-------++-------
Melee: Flail             |   140 |   118 |   508 |       ||   766
       Whip              |       |       |       |   697 ||   697
Throw: Throwing net      |       |     3 |       |       ||     3
Evoke: Wand              |       |     2 |     1 |       ||     3
  Use: Potion            |       |     3 |     6 |     2 ||    11
       Scroll            |       |       |     9 |     3 ||    12
  Eat: Chunk             |     3 |     2 |    10 |    23 ||    38
       Royal jelly       |       |       |     3 |       ||     3
Armor: Leather armour    |    34 |       |       |       ||    34
       Scale mail        |    48 |    57 |   101 |       ||   206
       Chain mail        |       |       |   284 |   237 ||   521
Dodge: Dodged            |   128 |    63 |   249 |   178 ||   618
Block: Buckler           |       |       |   108 |    89 ||   197
